 Dungeon Crawl Stone Soup version 0.31.0-9-g3a7656b989 (console) character file.

Game seed: 12747122238842144425

30 Colgate the Trooper (level 3, 33/33 HPs)
             Began as a Minotaur Chaos Knight on Jan 24, 2024.
             Was a Follower of Dithmenos.
             Quit the game on level 1 of the Dungeon.
             The game lasted 00:00:53 (563 turns).

Colgate the Trooper (Minotaur Chaos Knight)          Turns: 563, Time: 00:00:54

Health: 33/33      AC:  5    Str: 18    XL:     3   Next: 3%
Magic:  2/2        EV: 11    Int:  9    God:    Dithmenos [*.....]
Gold:   61         SH:  0    Dex:  9    Spells: 2/2 levels left

rFire   . . .        a - +0 hand axe (chaos)
rCold   . . .        (no shield)
rNeg    . . .        b - +2 leather armour
rPois   .            (helmet restricted)
rElec   .            (no cloak)
rCorr   .            (no gloves)
SInv    .            (no boots)
Will    .....        (no amulet)
Stlth   +            (no ring)
HPRegen 0.25/turn    (no ring)
MPRegen 0.08/turn

%: no passive effects
@: wreathed by umbra
A: horns 2, retaliatory headbutt
a: Renounce Religion


You were on level 1 of the Dungeon.
You worshipped Dithmenos.
Dithmenos was aware of your devotion.
You visited 1 branch of the dungeon, and saw 1 of its levels.

You collected 61 gold pieces.

Inventory:

Hand Weapons
 a - a +0 hand axe of chaos (weapon)
Armour
 b - a +2 leather armour (worn)
Scrolls
 c - a scroll of butterflies
 e - a scroll of identify {unknown}
 f - a scroll of noise {unknown}
 h - a scroll of poison {unknown}
 i - a scroll of amnesia {unknown}
 j - a scroll of silence {unknown}
Potions
 d - a potion of curing {unknown}
 g - a potion of brilliance {unknown}
 k - a potion of ambrosia {unknown}


   Skills:
 + Level 4.2 Fighting
 + Level 4.1 Axes
 + Level 3.1 Armour
 - Level 1.1 Dodging


You had 2 spell levels left.
You didn't know any spells.
Your spell library was empty.

Dungeon Overview and Level Annotations

Branches:
Dungeon (1/15)

Altars:
Dithmenos


Innate Abilities, Weirdness & Mutations

You have a pair of horns on your head.
You reflexively headbutt those who attack you in melee.


Message History

You closely miss the goblin. The goblin hits you but does no damage.
A goblin is nearby!
You hit the goblin.
The acid corrodes the goblin!
The goblin hits you but does no damage.
A goblin is nearby!
You barely miss the goblin. You headbutt the goblin.
You kill the goblin!
Things that are here:
a +0 club; a goblin corpse
Things that are here:
a +0 club; a goblin corpse You see here 5 stones.
No target in view!
Partly explored, unopened door.
No target in view!
Partly explored, unopened door.
No target in view!
Partly explored, unopened door.
No target in view!
Partly explored, unopened door.
No target in view!
Partly explored, unopened door.
Which direction?
You open the door.
No target in view!
Partly explored, unopened door.
No target in view!
Partly explored, unopened door.
You open the door.
There is an open door here.
You open the door.
Found a faded altar of an unknown god.
There is an open door here.
There is a faded altar of an unknown god here.
This altar belongs to (a) Kikubaaqudgha, (b) Dithmenos or (c) Ru, but you can't tell which.
Press the corresponding letter to learn more about a god, or press enter to convert or escape to cancel.
Really abandon Xom for an unknown god?
Dithmenos accepts your prayer!
You have lost your religion!
Xom does not appreciate desertion!
Dithmenos welcomes you!
You are shrouded in an aura of darkness!

#......#......#
#......####.### #####
#......# #.# #..[. #......#
#.# #####.### #......####.###
#........ ##>...........##
###......
####+#####.####..######......
#.......)†.....#......#....#.
#......†).+++++..............
#.......).+++++.##......####.
#.........++@'+.##...)..# #.
#.........++++'.##......## #.
#.........++++'.######)).###.
#.........#..............##..
#.........#.##.#.........##.#
#.........#.##.#.........##..
######....#....#.........####
#....######.........# #....#
#########.#### #....# #.....
#....# #.....


There were no monsters in sight!

Vanquished Creatures
  7 ball pythons (D:1)
  4 bats (D:1)
  2 endoplasms (D:1)
  3 goblins (D:1)
  2 hobgoblins (D:1)
  5 kobolds (D:1)
  A quokka (D:1)
  A frilled lizard (D:1)
  2 rats (D:1)
27 creatures vanquished.

Notes
Turn   | Place    | Note
-------+----------+-------------------------------------------
     0 | D:1      | Colgate the Minotaur Chaos Knight began the quest for the
                  | Orb.
     0 | D:1      | Reached XP level 1. HP: 19/19 MP: 0/0
    77 | D:1      | XOM: potion effect (brilliance)
    81 | D:1      | Reached XP level 2. HP: 25/27 MP: 1/1
   360 | D:1      | Reached XP level 3. HP: 31/33 MP: 2/2
   559 | D:1      | Found a faded altar of an unknown god.
   562 | D:1      | Prayed at the altar of an unknown god.
   562 | D:1      | Fell from the grace of Xom
   562 | D:1      | Became a worshipper of Dithmenos the Shadowed
   562 | D:1      | Reached * piety under Dithmenos
   563 | D:1      | Quit the game

Illustrated notes

Levels and vault maps discovered:
D:1:      mrwooster_arrival_statue, layout_basic,
          hellmonk_ecumenical_altar_heavens_door

Skill      XL: |  1  2 |
---------------+-------+-----
Fighting       | 4 |  4.2
Axes           | 4 |  4.1
Armour         | 3 |  3.1
Dodging        | |  1.1

Action                     || total
---------------------------++-------
  Melee: Hand axe          ||    40
         Headbutt          ||     4
 Armour: Leather armour    ||    23
  Dodge: Dodged            ||    22
